 Dungeon Crawl Stone Soup version 0.24.0-13-gcf9b3192b9 (console) character file.

Game seed: 3259876233200566415, levelgen mode: deterministic

50537 AlterAsc the Brawler (level 14, -3/80 HPs)
             Began as a Vine Stalker Fighter on Nov 9, 2019.
             Was an Elder of Ashenzari.
             Killed from afar by Joseph (9 damage)
             ... with a bolt of acid
             ... on level 12 of the Dungeon.
             The game lasted 00:50:02 (14556 turns).

AlterAsc the Brawler (Vine Stalker Fighter)        Turns: 14556, Time: 00:50:02

Health: -3/80      AC: 15    Str: 28    XL:     14   Next: 55%
Magic:  0/18       EV: 10    Int: 16    God:    Ashenzari [****..]
Gold:   1229       SH: 13    Dex: 17    Spells: 7/13 levels left

rFire    . . .     SeeInvis +     - Unarmed
rCold    + . .     Gourm    +   b - +0 shield
rNeg     + . .     Faith    .   a - +0 scale mail
rPois    .         Spirit   +   l - +1 hat (curse)
rElec    +         Reflect  .   q - scarf {repulsion}
rCorr    .         Harm     .   T - +2 pair of gloves (curse)
MR       +....     Clarity  +   A - +2 pair of boots {run} (curse) Stlth ..........NoTele +
                                y - amulet of the gourmand (curse)
HPRegen  1.03/turn              x - ring of Wiprem {-Tele rC+ rN+ Str+4 Int+8}
MPRegen  0.16/turn              t - ring of Jiurocaz {+Fly rElec Dex+3} (curse)

@: studying Axes, repel missiles, quick
A: fangs 3, regeneration 2, magic shield, antimagic bite, no potion heal 3, rot
immunity
a: Curse Item, Scrying, Renounce Religion, Evoke Flight


You were on level 12 of the Dungeon.
You worshipped Ashenzari.
Ashenzari was greatly pleased with you.
You were completely stuffed.

You visited 3 branches of the dungeon, and saw 19 of its levels.
You also visited: Sewer and Ossuary.

You collected 1229 gold pieces.

Inventory:

Hand Weapons
 Z - a +1 scimitar of flaming
Missiles
 F - 55 poisoned darts (quivered)
Armour
 a - a +0 scale mail (worn)
 b - a +0 shield (worn)
 l - a cursed +1 hat (worn)
 q - a scarf of repulsion (worn)
 A - a cursed +2 pair of boots of running (worn)
 T - a cursed +2 pair of gloves (worn)
Jewellery
 t - the cursed ring of Jiurocaz (right hand) {+Fly rElec Dex+3}
   (You found it on level 10 of the Dungeon)

   [ring of flight]

   It affects your dexterity (+3).
   It insulates you from electricity.
   It lets you fly.
   It has a curse placed upon it.
 x - the ring of Wiprem (left hand) {-Tele rC+ rN+ Str+4 Int+8}
   (You found it on level 4 of the Dungeon)

   [ring of positive energy]

   It affects your strength (+4).
   It affects your intelligence (+8).
   It protects you from cold.
   It protects you from negative energy.
   It prevents most forms of teleportation.
 y - a cursed amulet of the gourmand (around neck)
 M - the ring "Cepp" {MR+ Dex+3}
   (You found it on level 6 of the Lair of Beasts)

   [ring of dexterity]

   It affects your dexterity (+3).
   It affects your resistance to hostile enchantments.
 W - a +5 ring of dexterity
 X - an uncursed ring of flight
Wands
 r - a wand of paralysis (22)
 C - a wand of polymorph (17)
 H - a wand of acid (46)
 Q - a wand of flame (18)
Scrolls
 h - 3 scrolls of remove curse
 k - 7 scrolls of teleportation
 m - 6 scrolls of enchant weapon
 p - a scroll of brand weapon {unknown}
 u - 2 scrolls of magic mapping
 v - 4 scrolls of fear
 w - a scroll of amnesia
 E - a scroll of vulnerability {unknown}
 G - 4 scrolls of fog
 J - 5 scrolls of blinking
 L - a scroll of identify
 S - 6 scrolls of immolation
 U - a scroll of noise {unknown}
 Y - a scroll of torment {unknown}
Potions
 c - 3 potions of might
 e - 9 potions of flight
 f - 2 potions of resistance {unknown}
 g - 4 potions of haste {unknown}
 i - 3 potions of brilliance {unknown}
 j - 4 potions of lignification {unknown}
 n - 2 potions of experience {unknown}
 o - 16 potions of curing
 z - 3 potions of magic {unknown}
 B - 2 potions of cancellation {unknown}
 I - 4 potions of heal wounds {unknown}
 K - 8 potions of ambrosia
 O - 2 potions of mutation {unknown}
 R - 4 potions of berserk rage
 V - 2 potions of agility {unknown}
Books
 D - a manual of Axes
Comestibles
 d - 35 rations
 s - 24 chunks of flesh


   Skills:
 + Level 12.0 Fighting
 - Level 0.4 Axes
 - Level 4.4(6.6) Armour
 - Level 1.1(2.5) Dodging
 - Level 9.0 Shields
 * Level 17.1 Unarmed Combat
 + Level 1.1(2.5) Transmutations
 + Level 1.1(2.5) Earth Magic
 - Level 5.0(7.2) Evocations


You had 7 spell levels left.
You knew the following spells:

 Your Spells              Type           Power        Failure   Level  Hunger
a - Statue Form           Tmut/Erth      #........    100%        6    #######

Your spell library contained the following spells:

 Spells                   Type           Power        Failure   Level  Hunger
 Corona                   Hex            #......      69%         1    ##.....
 Magic Dart               Conj           #...         69%         1    ##.....
 Blink                    Tloc           N/A          83%         2    ###....
 Ensorcelled Hibernation  Hex/Ice        #.....       83%         2    ###....
 Searing Ray              Conj           #.....       83%         2    ###....
 Shroud of Golubria       Chrm/Tloc      #.....       83%         2    ###....
 Ignite Poison            Fire/Tmut/Pois #.......     91%         3    ####...
 Confuse                  Hex            #.......     96%         3    ####...
 Dazzling Spray           Conj/Hex       #.....       96%         3    ####...
 Gell's Gravitas          Tloc           #.........   96%         3    ####...
 Lesser Beckoning         Tloc           #.........   96%         3    ####...
 Teleport Other           Tloc           #.......     96%         3    ####...
 Tukima's Dance           Hex            #.......     96%         3    ####...
 Leda's Liquefaction      Hex/Erth       #.........   99%         4    #####..
 Force Lance              Conj/Tloc      #.......     100%        4    #####..
 Fulminant Prism          Conj/Hex       #.........   100%        4    #####..
 Iskenderun's Mystic Bla  Conj           #.......     100%        4    #####..
 Passage of Golubria      Tloc           N/A          100%        4    #####..
 Bolt of Magma            Conj/Fire/Erth #.........   100%        5    ######.
 Fireball                 Conj/Fire      #.........   100%        5    ######.
 Iskenderun's Battlesphe  Conj/Chrm      #.......     100%        5    ######.
 Venom Bolt               Conj/Pois      #.........   100%        5    ######.
 Bolt of Fire             Conj/Fire      #.........   100%        6    #######
 Iron Shot                Conj/Erth      #.........   100%        6    #######
 Orb of Destruction       Conj           #.........   100%        7    #######
 Ring of Flames           Chrm/Fire      #.........   100%        7    #######
 Spellforged Servitor     Conj/Summ      #.........   100%        7    #######
 Ignition                 Fire           #.........   100%        8    #######
 Shatter                  Erth           #.........   100%        9    #######


Dungeon Overview and Level Annotations

Branches:
Dungeon (12/15)            Temple (1/1) D:5            Lair (6/6) D:10
 Shoals (0/4) Lair:4       Spider (0/4) Lair:4        Slime (0/5) Lair:5
  Sewer (visited)         Ossuary (visited)
    Orc: D:9-12

Altars:
Ashenzari
Dithmenos
Elyvilon
Fedhas
Hepliaklqana
Makhleb
Nemelex Xobeh
Okawaru
Qazlal
Ru
Sif Muna
Trog
Uskayaw
Vehumet
Wu Jian
Xom
The Shining One
Jiyva

Shops:
D:5 !   D:7 !   D:9 =

Annotations:
D:12 Joseph


Innate Abilities, Weirdness & Mutations

You have razor-sharp teeth.
You heal very quickly.
When hurt, damage is shared between your health and your magic reserves.
Your bite disrupts and absorbs the magic of your enemies.
Potions cannot restore your health.
You are immune to rotting.


Message History

You completely miss Urug. Your bite misses Urug.
Urug is almost dead.
You feel sick. You block Urug's attack.
Joseph shoots a sling bullet.
The sling bullet hits you!
You punch Urug!
You kill Urug!
Your base Transmutations skill increases to level 1!
Your base Earth Magic skill increases to level 1!
You feel sick.
Joseph zaps a wand.
The bolt of acid hits you!
* * * LOW HITPOINT WARNING * * *
You are splashed with acid!
* * * LOW HITPOINT WARNING * * *
Your system rejects the healing.
You feel better.
Joseph shoots a sling bullet.
The sling bullet hits you.
* * * LOW HITPOINT WARNING * * *
You see here a bullfrog corpse.
You pummel Joseph!! Your bite misses Joseph.
Joseph is moderately wounded.
Joseph zaps a wand.
The bolt of acid hits you!
You die...

#.......# ##......#
* #......#####**
#..........., ,,
#........... ,,
#...########* , ,
#...# , , , , #...#
, , * ######@(.# ,
* * #....@)### ,,,
, #....(.#,, ,, ,,
, * #......#** ** *
, , #./...........
, ,, ,,
#.............,,
,,, *
#............., , ,
,...............,,,
,,
*!............... ,
,, ,,


You could see Joseph.

Vanquished Creatures
  Harold (Lair:2)
  7 hydras
  Erica (D:10)
  5 catoblepae (Lair:6)
  2 two-headed ogres
  12 death yaks
  Urug (D:12)
  Sonja (Lair:5)
  Pikel (D:4)
  A wizard (D:12)
  A cyclops (D:11)
  2 manticores (Lair:6)
  3 black mambas
  8 spiny frogs
  A rime drake (Lair:2)
  A torpor snail (Lair:6)
  A kobold demonologist (D:11)
  11 komodo dragons
  A queen bee (Lair:3)
  3 trolls
  A hornet (Lair:4)
  4 blink frogs (Lair:3)
  11 hippogriffs
  A shadow (D:10)
  Sigmund (D:3)
  A wyvern (Lair:4)
  44 yaks
  Eustachio (D:6)
  Grum (Lair:1)
  3 basilisks
  10 water moccasins
  7 porcupines
  3 orc warriors
  An ice beast (D:8)
  A black bear (D:9)
  2 slaves (D:4)
  3 phantoms
  A necrophage (D:9)
  A sky beast (D:5)
  7 ogres
  5 centaurs
  12 wolves
  15 crocodiles
  2 big kobolds
  16 bullfrogs
  8 scorpions
  34 killer bees
  10 wights
  3 howler monkeys
  3 jellies
  4 crimson imps
  5 orc priests
  6 hounds
  A human zombie (Ossuary)
  2 centaur skeletons
  4 bullfrog skeletons
  11 orc wizards
  Jessica (D:2)
  3 iguanas
  11 worker ants
  A big kobold zombie (Ossuary)
  3 hound skeletons
  5 mummies (Ossuary)
  2 worker ant zombies
  4 gnolls
  11 adders
  2 river rats (Sewer)
  2 shadow imps
  4 oozes
  An adder skeleton (D:5)
  9 worms
  A dart slug (D:3)
  3 leopard geckos
  30 orcs
  7 giant cockroaches
  8 hobgoblins
  7 jackals
  14 quokkas
  3 ball pythons
  7 bats
  7 frilled lizards
  4 goblins
  4 hobgoblin zombies (Ossuary)
  A jackal skeleton (D:5)
  16 kobolds
  2 orc zombies (Ossuary)
  3 quokka skeletons
  A quokka zombie (D:7)
  7 rats
493 creatures vanquished.

Vanquished Creatures (others)
  2 fungi
  10 plants
12 creatures vanquished.

Grand Total: 505 creatures vanquished

Notes
Turn   | Place    | Note
-------+----------+-------------------------------------------
     0 | D:1      | AlterAsc the Vine Stalker Fighter began the quest for the
                  | Orb.
     0 | D:1      | Reached XP level 1. HP: 11/11 MP: 2/2
    91 | D:1      | Reached XP level 2. HP: 9/16 MP: 3/3
   656 | D:1      | Found a sparkling altar of Nemelex Xobeh.
   847 | D:2      | Reached XP level 3. HP: 17/19 MP: 4/4
  1240 | D:2      | Reached skill level 3 in Unarmed Combat
  1246 | D:2      | Gained mutation: Your natural rate of healing is unusually
                  | fast. [Vine Stalker growth]
  1246 | D:2      | Reached XP level 4. HP: 11/24 MP: 2/5
  1279 | D:2      | Found a white marble altar of Elyvilon.
  1287 | D:2      | Noticed Jessica
  1300 | D:2      | Killed Jessica
  1643 | D:3      | Reached XP level 5. HP: 25/28 MP: 6/6
  1747 | D:3      | Noticed Sigmund
  1757 | D:3      | Killed Sigmund
  1757 | D:3      | Reached skill level 4 in Unarmed Combat
  1757 | D:3      | Reached XP level 6. HP: 32/32 MP: 7/7
  1955 | D:3      | Found a bloodstained altar of Trog.
  2153 | D:4      | Got a wavering ivory ring
  2154 | D:4      | Identified the ring of Wiprem {-Tele rC+ rN+ Str+4 Int+8}
                  | (You found it on level 4 of the Dungeon)
  2253 | D:4      | Reached XP level 7. HP: 30/37 MP: 6/8
  2298 | D:4      | Reached skill level 5 in Unarmed Combat
  2505 | D:4      | Found a shattered altar of Ashenzari.
  2514 | D:4      | Became a worshipper of Ashenzari the Shackled
  2822 | D:4      | Noticed Pikel
  2882 | D:4      | Killed Pikel
  2882 | D:4      | Reached skill level 6 in Unarmed Combat
  2882 | D:4      | Gained mutation: You have razor-sharp teeth. [Vine Stalker
                  | growth]
  2882 | D:4      | Reached XP level 8. HP: 13/42 MP: 2/9
  2946 | D:4      | Identified a +1 pair of boots of running (You found it on
                  | level 4 of the Dungeon)
  3058 | D:4      | Reached skill level 5 in Fighting
  3077 | D:4      | Reached skill level 7 in Unarmed Combat
  3100 | D:4      | Found a shimmering altar of Xom.
  3336 | D:5      | Entered Level 5 of the Dungeon
  3464 | D:5      | Got the hand axe "Pezuy" {chop, rPois rF+ Str+2 SInv}
  3482 | D:5      | Reached XP level 9. HP: 39/47 MP: 10/10
  3487 | D:5      | Found a staircase to the Ecumenical Temple.
  3496 | Temple   | Entered the Ecumenical Temple
  3511 | D:5      | Reached skill level 8 in Unarmed Combat
  3694 | D:5      | Found Ethrao's Distillery.
  3877 | D:5      | Found a glowing drain.
  3886 | Sewer    | Entered a sewer
  4563 | D:6      | Found a shimmering blue altar of Sif Muna.
  4696 | D:6      | Reached skill level 9 in Unarmed Combat
  4777 | D:6      | Reached * piety under Ashenzari
  4827 | D:6      | Noticed Eustachio
  4839 | D:6      | Killed Eustachio
  4862 | D:6      | Found an ornate altar of the Wu Jian Council.
  5489 | D:7      | Found a radiant altar of Vehumet.
  5491 | D:7      | Found Zupuhik's Distillery.
  5555 | D:7      | Reached skill level 10 in Unarmed Combat
  5863 | D:8      | Reached XP level 10. HP: 55/55 MP: 9/11
  5915 | D:8      | Found a hazy altar of Hepliaklqana.
  5915 | D:8      | Found a faded altar of an unknown god.
  5921 | D:8      | Found a blossoming altar of Fedhas.
  5924 | D:8      | Found a faded altar of an unknown god.
  5925 | D:8      | Found a stormy altar of Qazlal.
  6004 | D:8      | Found a sacrificial altar of Ru.
  6096 | D:8      | Reached skill level 5 in Shields
  6121 | D:8      | Found a sand-covered staircase.
  6128 | Ossuary  | Entered an ossuary
  6454 | D:8      | Found a hide-covered altar of Uskayaw.
  6700 | D:8      | Noticed a two-headed ogre
  6749 | D:8      | Killed a two-headed ogre
  6749 | D:8      | Reached skill level 11 in Unarmed Combat
  7062 | D:9      | Found a burning altar of Makhleb.
  7262 | D:9      | Found a shadowy altar of Dithmenos.
  7307 | D:9      | Found Ilenuene's Jewellery Shop.
  7337 | D:9      | Reached skill level 1 in Evocations
  7355 | D:9      | Noticed a two-headed ogre
  7363 | D:9      | Killed a two-headed ogre
  7405 | D:9      | Reached XP level 11. HP: 53/60 MP: 13/13
  7574 | D:9      | Reached ** piety under Ashenzari
  7791 | D:10     | Entered Level 10 of the Dungeon
  8013 | D:10     | Found a staircase to the Lair.
  8056 | D:10     | Reached skill level 12 in Unarmed Combat
  8197 | D:10     | Noticed Erica
  8198 | D:10     | Found a hazy altar of Hepliaklqana.
  8211 | D:10     | Killed Erica
  8291 | D:10     | Identified the ring of Jiurocaz {+Fly rElec Dex+3}
  8525 | D:11     | Noticed a cyclops
  8548 | D:11     | Killed a cyclops
  8751 | Lair:1   | Entered Level 1 of the Lair of Beasts
  9147 | Lair:1   | Noticed a seven-headed hydra
  9157 | Lair:1   | Killed a seven-headed hydra
  9196 | Lair:1   | Reached skill level 13 in Unarmed Combat
  9196 | Lair:1   | Gained mutation: You heal very quickly. [Vine Stalker
                  | growth]
  9196 | Lair:1   | Reached XP level 12. HP: 41/66 MP: 16/16
  9392 | Lair:1   | Noticed Grum
  9424 | Lair:1   | Killed Grum
  9656 | Lair:2   | Reached skill level 1 in Dodging
  9781 | Lair:2   | Noticed a four-headed hydra
  9788 | Lair:2   | Killed a four-headed hydra
  9935 | Lair:2   | Reached skill level 5 in Evocations
 10149 | Lair:2   | Noticed Harold
 10163 | Lair:2   | Killed Harold
 10590 | Lair:3   | Reached skill level 14 in Unarmed Combat
 10795 | Lair:3   | Reached *** piety under Ashenzari
 10922 | Lair:3   | Found the +8 arc blade {discharge, rElec}
 11285 | Lair:4   | Reached skill level 10 in Fighting
 11391 | Lair:4   | Reached XP level 13. HP: 67/72 MP: 17/17
 11431 | Lair:4   | Found a bloodstained altar of Trog.
 11462 | Lair:4   | Paralysed by a hornet for 1 turns
 11667 | Lair:4   | Found a staircase to the Shoals.
 11978 | Lair:4   | Found a hole to the Spider Nest.
 12255 | Lair:5   | Noticed Sonja
 12258 | Lair:5   | Killed Sonja
 12402 | Lair:5   | Reached **** piety under Ashenzari
 12495 | Lair:5   | Found a staircase to the Slime Pits.
 12496 | Lair:5   | Found a viscous altar of Jiyva.
 12741 | Lair:6   | Entered Level 6 of the Lair of Beasts
 12879 | Lair:5   | Reached skill level 15 in Unarmed Combat
 13291 | Lair:6   | Reached skill level 16 in Unarmed Combat
 13513 | Lair:6   | Reached XP level 14. HP: 75/79 MP: 18/18
 13990 | Lair:6   | Reached skill level 17 in Unarmed Combat
 14081 | Lair:6   | Identified the ring "Cepp" {MR+ Dex+3}
 14428 | D:12     | Learned a level 6 spell: Statue Form
 14530 | D:12     | Noticed Urug
 14531 | D:12     | Noticed Joseph
 14553 | D:12     | Killed Urug
 14553 | D:12     | Reached skill level 1 in Transmutations
 14553 | D:12     | Reached skill level 1 in Earth Magic
 14554 | D:12     | HP: 4/80 [Joseph/sling bullet (4)]
 14556 | D:12     | Killed from afar by Joseph

Levels and vault maps discovered:
D:1:      lightli_arrival_chessboard, layout_loops_ring, serial_bayou,
          serial_bayou_shore_b, serial_bayou_pond_e, serial_bayou_pond_e,
          serial_bayou_pond_e, nemelex_diamond_rough_becter
D:2:      layout_loops_ring, elyvilon_altar_4, serial_bayou_pond_d, uniq_jessica
D:3:      layout_rooms, bloody_trog, uniq_sigmund
D:4:      layout_loops_cross, tgw_xom, evilmike_ruin_ashenzari, first_ration,
          minmay_manual_mullet, uniq_pikel
D:5:      layout_basic, minmay_temple_entry_butterflies, serial_shops,
          kennysheep_little_box, cheibrodos_sewer_entry_bend,
          hangedman_decor_points, minivault_4, kennysheep_big_empty_room
D:6:      layout_loops_ring, old_standard_altar, lemuel_crystal_altar,
          chequers_serial_rivers_room_b, uniq_eustachio
D:7:      kb_forest_paths, layout_basic, lemuel_crystal_altar, serial_shops,
          shop, grunt_ogre_cave
D:8:      layout_basic, lemuel_coloured_pillars_altar, nicolae_ru_awakened_eye,
          chequers_temple_overflow_minitemple, enter_ossuary_1
D:9:      layout_loops_corners, lemuel_crystal_altar, serial_shops,
          nicolae_shop_behind_doors, nicolae_dithmenos_through_a_glass_darkly
D:10:     layout_basic, david_lair_shrubbed, basic_altar, uniq_erica
D:11:     layout_rooms, hiddenorc1_lemuel
D:12:     lemuel_ogre_cave, layout_irregular_city, ebering_ghost_disaster_area,
          sword_in_stone
Temple:   dpeg_three_leaves_temple
Lair:1:   layout_roguey, uniq_grum
Lair:2:   layout_roguey, uniq_harold
Lair:3:   layout_long_grid, special_room [special_room_bee], serial_forest,
          infiniplex_forest_clump_tiny, infiniplex_forest_zigzag_1,
          infiniplex_forest_end_1, infiniplex_forest_lined_room_2,
          infiniplex_forest_end_1, infiniplex_forest_clump_tiny,
          infiniplex_forest_clump_long, infiniplex_forest_lined_3_way,
          serial_bayou_shore_b
Lair:4:   wad_woods_stonehenge, layout_gridlike, minmay_shoals_entry_centaurs,
          nicolae_spider_entry_non_spiders
Lair:5:   layout_roguey, slime_altar_1, uniq_sonja
Lair:6:   evilmike_catoblepas_cave, layout_gridlike

Skill      XL: |  1  2  3  4  5  6  7  8  9 10 11 12 13 14 |
---------------+-------------------------------------------+-----
Fighting       | 3 4 5 7 8 9 10 11 12 | 12.0
Shields        | 3 4 6 7 8 9 |  9.0
Unarmed Combat | 3 4 6 7 10 11 13 14 16 17 | 17.1
Armour         | 3 4 |  4.4
Evocations     | 2 4 5 |  5.0
Dodging        | 1 |  1.1
Transmutations | 1 |  1.1
Earth Magic    | 1 |  1.1
Axes           | |  0.4

Action                   |  1- 3 |  4- 6 |  7- 9 | 10-12 | 13-15 || total
-------------------------+-------+-------+-------+-------+-------++-------
Melee: Unarmed           |   133 |   152 |   402 |   650 |   445 ||  1782
       Bite              |    31 |    47 |   143 |   276 |   253 ||   750
       Punch             |       |       |    18 |    13 |       ||    31
Invok: Curse Item        |       |       |     1 |     3 |     1 ||     5
Evoke: Wand              |       |     2 |     2 |     6 |     1 ||    11
  Use: Scroll            |       |       |     2 |    10 |     4 ||    16
       Potion            |       |       |       |       |     2 ||     2
 Stab: Paralysed         |       |     5 |     5 |       |     1 ||    11
       Petrifying        |       |       |       |       |     5 ||     5
       Petrified         |       |       |       |       |    12 ||    12
  Eat: Chunk             |     1 |     4 |    26 |    17 |     9 ||    57
Armor: Scale mail        |    53 |    51 |   121 |   250 |   103 ||   578
Dodge: Dodged            |    38 |    31 |   138 |   223 |   104 ||   534
Block: Shield            |    67 |    45 |    30 |   239 |   217 ||   598
